 Dungeon Crawl Stone Soup version 0.28-a0-1415-g7c84da036a (webtiles) character file.

Game seed: 1791118893465096040

1169 eustatius the Protected (level 8, -2/66 HPs)
             Began as a Minotaur Fighter on Jan 8, 2022.
             Was an Initiate of Ashenzari.
             Killed from afar by a steam dragon (8 damage)
             ... with a ball of steam
             ... on level 4 of the Dungeon.
             The game lasted 00:23:01 (4648 turns).

eustatius the Protected (Minotaur Fighter)          Turns: 4648, Time: 00:23:01

Health: -2/66      AC: 11    Str: 22    XL:     8   Next: 17%
Magic:  0/7        EV: 10    Int:  5    God:    Ashenzari [......]
Gold:   202        SH:  5    Dex: 11    Spells: 7/7 levels left

rFire   . . .      SeeInvis .   i - +5 club
rCold   . . .      Faith    .   c - +0 buckler
rNeg    . . .      Spirit   +   b - +0 scale mail
rPois   .          Reflect  .   (helmet restricted)
rElec   .          Harm     .   n - +0 cloak
rCorr   .          Rampage  .   p - +0 pair of gloves
Will    .....                   (no boots)
Stlth   ..........              w - amulet of guardian spirit
HPRegen 0.21/turn               (no ring)
MPRegen 0.10/turn               (no ring)

@: no status effects
A: horns 2, retaliatory headbutt
a: Renounce Religion, Curse Item


You were on level 4 of the Dungeon.
You worshipped Ashenzari.
Ashenzari was noncommittal.
You visited 1 branch of the dungeon, and saw 4 of its levels.

You collected 202 gold pieces.

Inventory:

Hand Weapons
 a - a +0 long sword
 d - a +2 quarterstaff of chaos
 i - a +5 club (weapon)
 x - a +0 dagger of draining
 y - a +0 whip of electrocution
Missiles
 j - 20 sling bullets
Armour
 b - a +0 scale mail (worn)
 c - a +0 buckler (worn)
 m - a +2 robe of cold resistance
 n - a +0 cloak (worn)
 p - a +0 pair of gloves (worn)
 v - a scarf of shadows
Jewellery
 w - an amulet of guardian spirit (around neck)
Wands
 r - a wand of polymorph (4) (quivered)
 B - a wand of flame (17)
Scrolls
 e - a scroll of torment {unknown}
 f - 3 scrolls of identify
 g - a scroll of fear {unknown}
 k - 2 scrolls of teleportation {unknown}
 l - a scroll of summoning {unknown}
 q - 4 scrolls of fog
 t - a scroll of immolation {unknown}
 u - 2 scrolls of magic mapping {unknown}
Potions
 h - 2 potions of flight {unknown}
 o - a potion of magic {unknown}
 s - a potion of cancellation {unknown}
 z - a potion of attraction {unknown}
 A - a potion of brilliance {unknown}
 C - 2 potions of curing {unknown}


   Skills:
 - Level 4.1 Fighting
 - Level 3.0 Long Blades
 * Level 6.3 Maces & Flails
 * Level 8.7 Armour
 + Level 3.1 Dodging
 + Level 4.8 Shields


You had 7 spell levels left.
You didn't know any spells.
Your spell library was empty.

Dungeon Overview and Level Annotations

Branches:
Dungeon (4/15)
 Temple: D:4-7

Altars:
Ashenzari
Elyvilon
Ru

Annotations:
D:4 1 transporter


Innate Abilities, Weirdness & Mutations

You have a pair of horns on your head.
You reflexively headbutt those who attack you in melee.


Message History

The steam dragon breathes steam at you. The ball of steam hits you.
The steam dragon breathes steam at you. The ball of steam hits you!
You are engulfed in a cloud of scalding steam.
You are engulfed in a cloud of scalding steam.
Things that are here:
a +0 hand axe; 2 boomerangs; an orc skeleton The steam dragon barely misses you.
The steam dragon claws you but does no damage.
Things that are here:
a +0 hand axe; 2 boomerangs; an orc skeleton You hit the steam dragon but do no damage.
The steam dragon is lightly wounded.
The steam dragon bites you!
* * * LOW HITPOINT WARNING * * *
The steam dragon claws you but does no damage.
You closely miss the steam dragon. Your headbutt misses the steam dragon.
The steam dragon is lightly wounded.
The steam dragon barely misses you.
The steam dragon claws you but does no damage.
You hit the steam dragon. You headbutt the steam dragon.
The steam dragon is moderately wounded.
The steam dragon bites you!
* * * LOW HITPOINT WARNING * * *
The steam dragon claws you but does no damage.
You hit the steam dragon but do no damage.
You headbutt the steam dragon, but do no damage.
The steam dragon is moderately wounded.
The steam dragon bites you but does no damage.
The steam dragon claws you but does no damage.
The steam dragon breathes steam at you.
The ball of steam hits you but does no damage.
You open the door.
You are engulfed in a cloud of scalding steam.
* * * LOW HITPOINT WARNING * * *
There is an open door here.
The steam dragon breathes steam at you. The ball of steam hits you!
You die...

).))[# #.# #.. #.#.##
####'########.#####.# #. #.#.##
.....<#..........##.# #.##.#.##
......#..........##.# #.##.#.##
......#..........##.# #.......'
......#..........##.# #..#..###
......#..........##.## #........
..>...)..........'...####.....###
......#.........@##...#.......#
......#.........§##.#)#.......#
......#.........D##.#.........#
......#..........##§##.....######
...####..........'§.##.....# #.
... #..........#####.....# #. ...
############ #.....#####.
########### #.......[...
..........# ##...#......


You could see a steam dragon (catching breath).

Vanquished Creatures
  Pikel (D:4)
  Eustachio (D:4)
  2 lemures
  A water moccasin skeleton (D:3)
  A jelly (D:4)
  An orc priest (D:4)
  Crazy Yiuf (D:2)
  Jessica (D:2)
  Ijyb (D:3)
  Terence (D:3)
  An iguana (D:4)
  6 orc wizards
  A hound skeleton (D:4)
  6 adders
  3 gnolls (D:3)
  5 dart slugs
  12 orcs (D:4)
  4 endoplasms
  4 giant cockroaches
  7 goblins
  5 hobgoblins
  9 jackals
  2 quokkas
  7 ball pythons
  3 bats
  4 frilled lizards
  8 kobolds
  3 rats
101 creatures vanquished.

Vanquished Creatures (others)
  5 fungi (D:4)
5 creatures vanquished.

Grand Total: 106 creatures vanquished

Notes
Turn   | Place    | Note
-------+----------+-------------------------------------------
     0 | D:1      | eustatius the Minotaur Fighter began the quest for the Orb.
     0 | D:1      | Reached XP level 1. HP: 19/19 MP: 0/0
   130 | D:1      | Reached XP level 2. HP: 20/27 MP: 1/1
   221 | D:1      | Reached skill level 4 in Armour
   849 | D:2      | Reached XP level 3. HP: 21/33 MP: 2/2
   957 | D:2      | Noticed Jessica
   975 | D:2      | Killed Jessica
  1074 | D:2      | Found a white marble altar of Elyvilon.
  1111 | D:2      | Reached XP level 4. HP: 36/40 MP: 3/3
  1257 | D:2      | Reached skill level 1 in Dodging
  1259 | D:2      | Reached skill level 5 in Armour
  1322 | D:2      | Found a runed translucent door.
  1323 | D:2      | Noticed Crazy Yiuf
  1330 | D:2      | Killed Crazy Yiuf
  1331 | D:2      | Reached skill level 1 in Maces & Flails
  2202 | D:3      | Found a faded altar of an unknown god.
  2207 | D:3      | Noticed Ijyb
  2219 | D:3      | Killed Ijyb
  2220 | D:3      | Reached XP level 5. HP: 46/46 MP: 4/4
  2237 | D:3      | Noticed Terence
  2254 | D:3      | Killed Terence
  2255 | D:3      | Reached skill level 6 in Armour
  2279 | D:3      | Prayed at the altar of an unknown god.
  2279 | D:3      | Became a worshipper of Ashenzari the Shackled
  2470 | D:3      | Reached XP level 6. HP: 52/52 MP: 5/5
  2754 | D:3      | Found a sacrificial altar of Ru.
  3001 | D:4      | Noticed Pikel
  3341 | D:4      | Killed Pikel
  3342 | D:4      | Reached skill level 5 in Maces & Flails
  3342 | D:4      | Reached skill level 8 in Armour
  3342 | D:4      | Reached XP level 7. HP: 17/59 MP: 2/6
  3858 | D:4      | Noticed Eustachio
  3971 | D:4      | Killed Eustachio
  3972 | D:4      | Reached XP level 8. HP: 18/66 MP: 7/7
  4595 | D:4      | Found a transporter.
  4648 | D:4      | Killed from afar by a steam dragon

Illustrated notes

Levels and vault maps discovered:
D:1:      minmay_arrival_jagged, layout_basic, minivault_4
D:2:      layout_basic, basic_altar, uniq_crazy_yiuf_cottage, uniq_jessica
D:3:      layout_rooms, marbit_many_paths, nicolae_ecumenical_pavilion,
          mrwooster_statue_mirror, uniq_ijyb, uniq_terence
D:4:      gammafunk_steamed_eel, layout_basic, serial_aquarium,
          aquarium_bridge_square [aquarium_subvault_wall,
          aquarium_subvault_bridge, aquarium_subvault_bridge,
          aquarium_subvault_bridge], aquarium_window_fake,
          aquarium_window_corridor_1, aquarium_window_fake, aquarium_window_1,
          aquarium_view_2e, aquarium_balcony_double_1, aquarium_pool_2,
          small_statue_intersection, uniq_eustachio, uniq_pargi, uniq_pikel

Skill      XL: |  1  2  3  4  5  6  7 |
---------------+----------------------+-----
Armour         | 4 5 6 8 |  8.7
Fighting       | 4 |  4.1
Long Blades    | 3 |  3.0
Shields        | 4 |  4.8
Dodging        | 1 2 3 |  3.1
Maces & Flails | 1 2 5 6 |  6.3

Action                   |  1- 3 |  4- 6 |  7- 9 || total
-------------------------+-------+-------+-------++-------
Melee: Long sword        |    52 |       |       ||    52
       Headbutt          |     8 |    25 |    19 ||    52
       Club              |    16 |   135 |   115 ||   266
  Use: Potion            |       |     1 |       ||     1
       Scroll            |       |       |     1 ||     1
Armor: Scale mail        |    33 |    64 |    63 ||   160
Dodge: Dodged            |    43 |    64 |    42 ||   149
Block: Buckler           |    15 |    29 |    15 ||    59

Table legend: (Time is in decaauts)
 A = Elapsed time spent in this place.
 B = Non-inter-level travel time spent in this place.
 C = Inter-level travel time spent in this place.
 D = Time resting spent in this place.
 E = Time spent auto-exploring this place.
 F = Levels seen in this place.
 G = Mean time per level.
                   A        B        C        D        E       F      G
               +--------+--------+--------+--------+--------+-----+--------+
         Total |   4707 |   3975 |    732 |   1308 |   1559 |   4 | 1176.8 |
       Dungeon |   4707 |   3975 |    732 |   1308 |   1559 |   4 | 1176.8 |
               +--------+--------+--------+--------+--------+-----+--------+

Top non-repeatable levels by time:
     D:3: 1418 daAuts
     D:2: 1379 daAuts
     D:4: 1059 daAuts
     D:1: 850 daAuts
